 Dungeon Crawl Stone Soup version 0.29.1-2-gbd0b4ee654 (webtiles) character file.

Game seed: 4606294039886767403

1 qeuew the Sneak (level 1, 0/9 HPs)
             Began as a Spriggan Enchanter on Nov 11, 2022.
             Slain by a hobgoblin (5 damage)
             ... on level 1 of the Dungeon.
             The game lasted 00:00:04 (46 turns).

qeuew the Sneak (Spriggan Enchanter)                  Turns: 46, Time: 00:00:04

Health: 0/9        AC:  2    Str:  4    XL:     1   Next: 16%
Magic:  5/5        EV: 17    Int: 16    God:
Gold:   15         SH:  0    Dex: 15    Spells: 5/5 levels left

rFire   . . .      SeeInvis +   a - +1 dagger
rCold   . . .      Faith    .   (no shield)
rNeg    . . .      Spirit   .   b - +0 robe
rPois   .          Reflect  .   (helmet restricted)
rElec   .          Harm     .   (no cloak)
rCorr   .          Rampage  .   (gloves unavailable)
Will    .....                   (boots unavailable)
Stlth   +++.......              (no amulet)
HPRegen 0.03/turn               (no ring)
MPRegen 0.09/turn               (no ring)

@: very quick
A: very small, no large weapons, unfitting armour, see invisible, speed 3
a: no special abilities


You were on level 1 of the Dungeon.
You visited 1 branch of the dungeon, and saw 1 of its levels.

You collected 15 gold pieces.

Inventory:

Hand Weapons
 a - a +1 dagger (weapon)
Armour
 b - a +0 robe (worn)
Potions
 c - 2 potions of invisibility
 d - a potion of lignification {unknown}


   Skills:
 + Level 1.1 Short Blades
 + Level 2.7 Dodging
 * Level 4.4 Stealth
 + Level 2.7 Spellcasting
 + Level 3.6 Hexes


You had 5 spell levels left.
You didn't know any spells.
Your spell library contained the following spells:

 Spells                   Type           Power      Damage    Failure   Level
 Confusing Touch          Hex            13%        N/A       13%         3
 Tukima's Dance           Hex            13%        N/A       13%         3
 Ensorcelled Hibernation  Hex/Ice        16%        N/A       14%         2
 Dazzling Flash           Conj/Hex       16%        N/A       26%         3


Dungeon Overview and Level Annotations

Branches:
Dungeon (1/15)

Altars:


Innate Abilities, Weirdness & Mutations

You are very small and have problems with some larger weapons.
You are too small for most types of armour.
You have supernaturally acute eyesight. (SInv)
You cover ground extremely quickly. (Speed+++)


Message History

Welcome, qeuew the Spriggan Enchanter.
If you return without finding the Orb of Zot, so far below, it's all over!
Press ? for a list of commands and other information.
Found a ruby potion.
Found a staircase leading out of the dungeon.
d - a ruby potion
There is a dry fountain here.
Found 6 stones.
You now have 15 gold pieces.
A hobgoblin comes into view.
The hobgoblin shouts!
A hobgoblin comes into view.
A rat comes into view.
The hobgoblin shouts!
You hear a shout!
A giant cockroach and a hobgoblin come into view.
Found a scroll labelled GYIXTI YREHEUD.
The hobgoblin shouts!
You closely miss the hobgoblin. The hobgoblin barely misses you.
You closely miss the hobgoblin.
A goblin comes into view. It is wielding a +0 club.
The hobgoblin closely misses you.
You hit the hobgoblin but do no damage. You hit the giant cockroach.
The giant cockroach is heavily wounded.
The hobgoblin closely misses you. The rat closely misses you.
The hobgoblin hits you. The giant cockroach closely misses you.
You hit the giant cockroach.
You kill the giant cockroach!
The rat bites you but does no damage. The hobgoblin barely misses you.
You hit the hobgoblin.
The hobgoblin is heavily wounded.
The hobgoblin closely misses you. The rat closely misses you.
The hobgoblin misses you.
You closely miss the hobgoblin.
The hobgoblin is heavily wounded.
A hobgoblin comes into view.
The hobgoblin hits you.
Ouch! That really hurt!
You die...

...######### ..........#
.........# ........#
......# #########
?....#### ........####
###gg......
...........###..@g......
.⌠...⌠.(....+..##r.....g
........⌠...##.# .......
...≈.........#.# .......
.........⌠...#.# ####g..
≈.....≈........# ..
.........⌠...#.# .
...≈.........#.#
........⌠...##.#


You could see 4 hobgoblins, a goblin and a rat.

Vanquished Creatures
  A giant cockroach (D:1)
1 creature vanquished.

Notes
Turn   | Place    | Note
-------+----------+-------------------------------------------
     0 | D:1      | qeuew the Spriggan Enchanter began the quest for the Orb.
     0 | D:1      | Reached XP level 1. HP: 9/9 MP: 5/5
    46 | D:1      | Slain by a hobgoblin

Illustrated notes

Levels and vault maps discovered:
D:1:      dpeg_arrival_stone_temple_mockup, layout_basic

Action                   || total
-------------------------++-------
Melee: Dagger            ||     7
Armor: Robe              ||     1
Dodge: Dodged            ||     9
